 Dungeon Crawl Stone Soup version 0.15.0-27-gbdb0435 (webtiles) character file.

53 Rhoefr the Changer (level 3, 0/23 HPs)
             Began as an Octopode Transmuter on Sept 11, 2014.
             Succumbed to an adder's poison
             ... on Level 2 of the Dungeon.
             The game lasted 00:04:38 (1195 turns).

Rhoefr the Changer (Octopode Transmuter)            Turns: 1195, Time: 00:04:38

HP   0/23        AC  1     Str  9      XL: 3   Next: 89%
MP   5/6         EV 12     Int 16      God:
Gold 54          SH  0     Dex 12      Spells:  3 memorised,  0 levels left

rFire  . . .     SeeInvis .       - Unarmed
rCold  + . .     Clarity  .     (no shield)
rNeg   + . .     rCorr    .     (helmet restricted)
rPois  .         rRot     .     i - amulet of warding
rElec  .         Spirit   .     e - ring of protection from cold
SustAb .         Warding  +     (no ring)
rMut   .         Stasis   .     (no ring)
Gourm  .                        (no ring)
MR     .....                    (no ring)
                                (no ring)
                                (no ring)
                                (no ring)

@: lethally poisoned, not resistant to hostile enchantments, unstealthy
A: almost no armour, amphibious, 8 rings, constrict 8, camouflage 1, gelatinous
body 1
a: no special abilities


You were on level 2 of the Dungeon.
You were completely stuffed.

You visited 1 branch of the dungeon, and saw 2 of its levels.

You collected 54 gold pieces.

Inventory:

Missiles
 b - 12 arrows
Comestibles
 a - a bread ration
 c - a slice of pizza
Jewellery
 e - a ring of protection from cold (left tentacle)
 i - an amulet of warding (around mantle)
Books
 d - a book of Changes

   Spells                             Type                      Level
   *Beastly Appendage                 Transmutation                1
   *Sticks to Snakes                  Transmutation                2
   *Spider Form                       Transmutation/Poison         3
   Ice Form                           Ice/Transmutation            4
   Blade Hands                        Transmutation                5


   Skills:
 - Level 1.0 Fighting
 - Level 2.0 Dodging
 - Level 3.0 Unarmed Combat
 - Level 2.0 Spellcasting
 + Level 3.8 Transmutations
 + Level 1.3 Poison Magic


You couldn't memorise any spells.
You knew the following spells:

 Your Spells              Type           Power        Failure   Level  Hunger
a - Beastly Appendage     Trmt           ##....       6%          1    #......
b - Sticks to Snakes      Trmt           ##........   10%         2    ###....
s - Spider Form           Trmt/Pois      #.........   21%         3    ####...


Dungeon Overview and Level Annotations

Branches:
Dungeon (2/15)

Altars:


Innate Abilities, Weirdness & Mutations

You cannot wear most types of armour.
You are amphibious.
You can wear up to eight rings at the same time.
You can use your tentacles to constrict many enemies at once.
Your skin changes colour to match your surroundings (Stealth).
Your rubbery body absorbs attacks (AC +1).


Message History

Things that are here:
a dagger; a quokka corpse; an adder corpse Use which ability? (? or * to list)
Your transformation has ended.
* * * LOW HITPOINT WARNING * * *
You feel sick.
* * * LOW HITPOINT WARNING * * *
You feel sick.
Eat which item? (? for menu, Esc to quit)
You don't have any such object.
Eat which item? (? for menu, Esc to quit)
Okay, then.
Eat which item? (? for menu, Esc to quit)
You continue eating. x3
* * * LOW HITPOINT WARNING * * *
You feel sick.
You finish eating.
That meat ration really hit the spot!
Eat which item? (? for menu, Esc to quit)
You continue eating. x3
You die...

###((...#####
#.(.....>....
#.#.....###.#
#)##...$....
#.##.##.###. #.##.#
.# #.##.# .# #.##.#
## #@##.# .# #.##.#
.####### #.##.#
....%..# #.##.#######
..####.#
#%........... ..#
##.## ####.#######
..###...###########.#
....................#
#####...#############


There were no monsters in sight!

Vanquished Creatures
  2 adders (D:2)
  A giant gecko (D:1)
  An ooze (D:1)
  3 ball pythons (D:1)
  2 giant cockroaches (D:2)
  3 goblins
  2 hobgoblins (D:1)
  4 jackals (D:1)
  2 kobolds
  A quokka (D:2)
  5 bats
  A giant newt (D:1)
  5 rats
32 creatures vanquished.

Notes
Turn   | Place    | Note
--------------------------------------------------------------
     0 | D:1      | Rhoefr, the Octopode Transmuter, began the quest for the Orb.
     0 | D:1      | Reached XP level 1. HP: 13/13 MP: 3/3
   290 | D:1      | Reached XP level 2. HP: 16/18 MP: 2/4
   327 | D:1      | Learned a level 2 spell: Sticks to Snakes
   786 | D:1      | Reached XP level 3. HP: 16/23 MP: 3/6
   960 | D:1      | Learned a level 3 spell: Spider Form
  1171 | D:2      | Reached skill level 1 in Poison Magic
  1191 | D:2      | HP: 1/23 [poisoned by an adder]
  1195 | D:2      | Succumbed to an adder's poison

Action                   || total
-------------------------++-------
Melee: Unarmed           ||    73
 Cast: Beastly Appendage ||    18
       Spider Form       ||     1
 Abil: End Transformatio ||     1
  Use: Scroll            ||     1
 Stab: Sleeping          ||     4
  Eat: Meat ration       ||     1
       Bread ration      ||     1
       Chunk             ||     1
